 Dungeon Crawl Stone Soup version 0.20.1-1-g8b1a95d (webtiles) character file.

784 Cornelleus the Covered (level 7, -10/61 HPs)
             Began as a Minotaur Fighter on Sept 4, 2017.
             Was a Follower of Makhleb.
             Killed by nerve-wracking pain
             ... invoked by an orc priest
              (13 damage)
             ... on level 5 of the Dungeon.
             The game lasted 00:39:24 (4556 turns).

Cornelleus the Covered (Minotaur Fighter)           Turns: 4556, Time: 00:39:27

Health: -10/61     AC:  7    Str: 22    XL:     7   Next: 55%
Magic:  6/6        EV:  8    Int:  5    God:    Makhleb [*.....]
Gold:   216        SH: 10    Dex: 10    Spells: 6/6 levels left

rFire    x . .     SeeInvis .   a - +0 trident
rCold    + . .     Gourm    .   c - +0 shield
rNeg     . . .     Faith    .   b - +0 scale mail
rPois    .         Spirit   .   (helmet restricted)
rElec    .         Reflect  .   (no cloak)
rCorr    .         Harm     .   (no gloves)
MR       .....                  (no boots)
Stlth    ..........             (no amulet)
Regen    0.2/turn               w - +1 ring of slaying
MPRegen  0.1/turn               q - ring of ice

@: slowed, very slow
A: retaliatory headbutt, horns 2
a: Renounce Religion


You were on level 5 of the Dungeon.
You worshipped Makhleb.
Makhleb was aware of your devotion.
You were not hungry.

You visited 1 branch of the dungeon, and saw 5 of its levels.

You collected 216 gold pieces.

Inventory:

Hand Weapons
 a - a +0 trident (weapon)
 x - a +0 hunting sling
Missiles
 i - 62 stones (quivered)
Armour
 b - a +0 scale mail (worn)
 c - a +0 shield (worn)
Jewellery
 o - an uncursed ring of ice
 q - a ring of ice (right hand)
 w - a +1 ring of slaying (left hand)
Scrolls
 h - 5 scrolls of remove curse {unknown}
 j - 9 scrolls of identify {unknown}
 k - 2 scrolls of blinking {unknown}
 m - a scroll of enchant armour {unknown}
 p - 2 scrolls of fear {unknown}
 t - 5 scrolls of teleportation {unknown}
 u - 3 scrolls of enchant weapon {unknown}
Potions
 d - 5 potions of might
 e - 2 potions of flight {unknown}
 g - a potion of curing {unknown}
 l - a potion of invisibility {unknown}
 n - 2 potions of heal wounds {unknown}
 r - a potion of brilliance {unknown}
 s - a potion of agility {unknown}
Comestibles
 f - a bread ration
 v - a meat ration


   Skills:
 + Level 5.2 Fighting
 + Level 5.1 Polearms
 + Level 2.5(3.7) Slings
 * Level 3.9(4.2) Throwing
 + Level 5.3 Armour
 + Level 1.4 Dodging
 + Level 0.3 Stealth
 + Level 4.9 Shields


You had 6 spell levels left.
You didn't know any spells.

Dungeon Overview and Level Annotations

Branches:
Dungeon (5/15)
 Temple: D:4-7

Altars:
Hepliaklqana
Makhleb
Nemelex Xobeh
Qazlal
Uskayaw
Zin


Innate Abilities, Weirdness & Mutations

You reflexively headbutt those who attack you in melee.
You have a pair of horns on your head.


Message History

You block the orc priest's attack.
The orc wizard hits you but does no damage.
You hit the orc wizard but do no damage.
The orc wizard is moderately wounded.
The orc priest barely misses you. You block the orc wizard's attack.
The orc priest barely misses you.
You puncture the orc wizard!
You kill the orc wizard!
Makhleb accepts your kill.
The orc wizard points at you and mumbles some strange words.
The magic dart hits you!
The orc priest mumbles some strange prayers to Beogh against you.
Beogh smites you!
* * * LOW HITPOINT WARNING * * *
The orc wizard points at you and mumbles some strange words.
The magic dart hits you!
* * * LOW HITPOINT WARNING * * *
The orc priest mumbles some strange prayers to Beogh against you.
Pain shoots through your body!
You die...

########'######....#
....
#.............#....#
....
+.............#.....
.(...
#............[#.....
.....
#...################
......#...#......
.....(###'#......
...).............
......<)o@..(....
..........o......
.................
.................
##############...
... ..


You could see an orc priest and an orc wizard.

Vanquished Creatures
  2 ogres
  2 scorpions (D:4)
  2 crimson imps (D:5)
  A hound (D:3)
  A bullfrog skeleton (D:4)
  2 orc priests (D:4)
  3 worker ants
  An iguana (D:5)
  2 orc wizards
  A worker ant zombie (D:5)
  6 adders
  3 oozes
  An adder zombie (D:5)
  2 adder skeletons
  3 worms (D:2)
  A dart slug (D:1)
  3 leopard geckos
  7 orcs
  5 giant cockroaches
  11 goblins
  6 hobgoblins (D:1)
  5 jackals
  7 kobolds
  2 quokkas
  A ball python (D:2)
  6 bats
  5 frilled lizards
  A jackal skeleton (D:5)
  19 rats
111 creatures vanquished.

Notes
Turn   | Place    | Note
-------+----------+-------------------------------------------
     0 | D:1      | Cornelleus the Minotaur Fighter began the quest for the Orb.
     0 | D:1      | Reached XP level 1. HP: 19/19 MP: 0/0
    28 | D:1      | Reached XP level 2. HP: 26/27 MP: 1/1
   321 | D:1      | Reached XP level 3. HP: 33/33 MP: 2/2
   989 | D:2      | Found a hazy altar of Hepliaklqana.
  1199 | D:2      | Found a sparkling altar of Nemelex Xobeh.
  1334 | D:2      | Reached XP level 4. HP: 38/41 MP: 3/3
  1444 | D:2      | Reached skill level 1 in Throwing
  2335 | D:3      | Found a burning altar of Makhleb.
  2339 | D:3      | Reached XP level 5. HP: 47/47 MP: 4/4
  2347 | D:3      | Became a worshipper of Makhleb the Destroyer
  2635 | D:3      | Found a hide-covered altar of Uskayaw.
  3118 | D:4      | Found a burning altar of Makhleb.
  3119 | D:4      | Noticed a balrug
  3131 | D:4      | Found a glowing silver altar of Zin.
  3131 | D:4      | Noticed an angel
  3276 | D:4      | Reached XP level 6. HP: 18/55 MP: 5/5
  3613 | D:4      | Reached skill level 5 in Fighting
  3613 | D:4      | Reached skill level 5 in Armour
  3713 | D:4      | Reached skill level 1 in Slings
  4177 | D:5      | Entered Level 5 of the Dungeon
  4200 | D:5      | Reached * piety under Makhleb
  4200 | D:5      | Reached XP level 7. HP: 59/61 MP: 6/6
  4286 | D:5      | Reached skill level 1 in Dodging
  4318 | D:5      | Found a stormy altar of Qazlal.
  4323 | D:5      | Noticed a fire elemental
  4323 | D:5      | Noticed a water elemental
  4323 | D:5      | Noticed an air elemental
  4397 | D:5      | Reached skill level 5 in Polearms
  4556 | D:5      | HP: 3/61 [orc wizard/magic dart (5)]
  4556 | D:5      | Killed from afar by an orc priest

Skill      XL: |  1  2  3  4  5  6  7 |
---------------+----------------------+-----
Fighting       | 4 5 |  5.2
Armour         | 4 5 |  5.3
Shields        | 4 |  4.9
Polearms       | 3 4 5 |  5.1
Throwing       | 1 2 3 |  3.9
Slings         | 1 2 |  2.5
Dodging        | 1 |  1.4
Stealth        | |  0.3

Action                   |  1- 3 |  4- 6 |  7- 9 || total
-------------------------+-------+-------+-------++-------
Melee: Trident           |   112 |   107 |    49 ||   268
       Headbutt          |    18 |    17 |     3 ||    38
 Fire: Hunting sling     |       |    23 |    25 ||    48
Throw: Tomahawk          |       |    41 |       ||    41
       Stone             |       |    11 |       ||    11
  Eat: Royal jelly       |     1 |       |       ||     1
       Bread ration      |       |     1 |       ||     1
       Meat ration       |       |     1 |       ||     1
Armor: Scale mail        |    36 |    50 |    13 ||    99
Dodge: Dodged            |    34 |    33 |    15 ||    82
Block: Shield            |    47 |    49 |    20 ||   116
